 Dungeon Crawl Stone Soup version 0.20-a0-910-gb611367 (webtiles) character file.

260 mopl the Cudgeler (level 5, -1/41 HPs)
             Began as a Demonspawn Fighter on Mar 23, 2017.
             Was an Initiate of Wu Jian.
             Killed from afar by an orc wizard (11 damage)
             ... with a puff of frost
             ... on level 4 of the Dungeon.
             The game lasted 00:06:28 (5319 turns).

mopl the Cudgeler (Demonspawn Fighter)              Turns: 5319, Time: 00:06:29

Health: -1/41      AC:  9    Str: 15    XL:     5   Next: 95%
Magic:  14/14      EV:  6    Int:  9    God:    Wu Jian [......]
Gold:   187        SH:  8    Dex: 13    Spells: 4/4 levels left

rFire    . . .     SeeInvis .   t - -2 spear (curse)
rCold    . . .     Gourm    .   b - +0 scale mail
rNeg     . . .     Faith    .   c - +0 shield
rPois    .         Spirit   .   (no helmet)
rElec    .         Reflect  .   (no cloak)
rCorr    .         Harm     .   (no gloves)
MR       +....                  (no boots)
Stlth    +.........             (no amulet)
Regen    0.2/turn               u - ring of magical power
MPRegen  0.2/turn               e - ring of stealth (curse)

@: no status effects
A: thin metallic scales 2, magic resistance 1, weak 1
a: Renounce Religion


You were on level 4 of the Dungeon.
You worshipped Wu Jian.
Wu Jian was noncommittal.
You were not hungry.

You visited 1 branch of the dungeon, and saw 4 of its levels.

You collected 187 gold pieces.

Inventory:

Hand Weapons
 a - a +0 flail
 t - a cursed -2 spear (weapon)
Missiles
 j - 5 tomahawks (quivered)
 l - 24 poisoned needles
Armour
 b - a +0 scale mail (worn)
 c - a +0 shield (worn)
 m - a +0 plate armour
Jewellery
 e - a cursed ring of stealth (left hand)
 u - a ring of magical power (right hand)
Scrolls
 i - a scroll of immolation
 n - a scroll of identify
Potions
 d - 3 potions of might
 g - 3 potions of curing {unknown}
 h - a potion of resistance
 o - 2 potions of brilliance
 p - a potion of heal wounds {unknown}
 q - 2 potions of haste
 s - a potion of agility {unknown}
 v - 2 potions of cancellation {unknown}
Books
 w - the Tome of Dark Boosts
   (You found it on level 4 of the Dungeon)

   Spells                             Type                      Level
   a - Song of Slaying                Charms                       2
   b - Regeneration                   Charms/Necromancy            3
   c - Control Undead                 Necromancy                   4
   d - Cigotuvi's Embrace             Necromancy                   5
   e - Deflect Missiles               Charms/Air                   6
Comestibles
 f - 6 bread rations
 k - 2 meat rations
 r - a royal jelly


   Skills:
 - Level 3.0 Fighting
 + Level 5.7 Maces & Flails
 - Level 2.6 Armour
 - Level 2.6 Shields


You had 4 spell levels left.
You didn't know any spells.

Dungeon Overview and Level Annotations

Branches:
Dungeon (4/15)
 Temple: D:4-7

Altars:
Sif Muna
Wu Jian
The Shining One


Innate Abilities, Weirdness & Mutations

You are mostly covered in thin metallic scales. (AC +3)
You are resistant to hostile enchantments. (MR+)
You are weak. (Str -2)


Message History

The orc wizard is heavily wounded.
You block the orc wizard's attack.
The orc wizard miscasts a cantrip.
You closely miss the orc wizard.
The orc wizard is heavily wounded.
The orc wizard hits you but does no damage. x2
You hit the orc wizard.
The orc wizard is severely wounded.
The orc wizard points at you and mumbles some strange words.
You block the puff of frost.
You closely miss the orc wizard.
The orc wizard is severely wounded.
The orc wizard hits you but does no damage.
You block the orc wizard's attack.
You hit the orc wizard but do no damage.
The orc wizard is severely wounded.
The orc wizard hits you but does no damage.
The orc wizard gestures at you while chanting.
The puff of frost hits you!
You die... ... ######### .. ........# ..## ##### #.# ... .>... #.# oo#

#.#.####.# #. #o# #.#......#
#.## #o# #.#......# ...# #@#.
#.#..<##.# ...# #.#. #....#...#
...# #####+#.#..#....#.### ...#
#.......#..#....#.##
...#######.......#....#.....#
........##.......##.#.####..###
...####.######'#....#.........#
...##.....# #.######<#######.#
#.###.....####.### #.# #.#


You could see an orc wizard and 3 orcs.

Vanquished Creatures
  2 hounds (D:4)
  2 gnolls
  9 adders
  An adder skeleton (D:4)
  3 worms
  3 dart slugs
  10 orcs
  A ball python (D:2)
  3 giant cockroaches
  6 goblins
  7 hobgoblins
  6 jackals
  2 quokkas (D:3)
  4 bats
  2 frilled lizards
  6 kobolds
  8 rats
75 creatures vanquished.

Vanquished Creatures (others)
  A worm (D:4)
1 creature vanquished.

Grand Total: 76 creatures vanquished

Notes
Turn   | Place    | Note
-------+----------+-------------------------------------------
     0 | D:1      | mopl the Demonspawn Fighter began the quest for the Orb.
     0 | D:1      | Reached XP level 1. HP: 18/18 MP: 1/1
   226 | D:1      | Reached skill level 2 in Maces & Flails
   586 | D:1      | Gained mutation: You are partially covered in thin metallic scales. (AC +2) [demonic ancestry]
   586 | D:1      | Reached XP level 2. HP: 22/24 MP: 2/2
  1197 | D:1      | Gained mutation: You are weak. (Str -2) [potion of mutation]
  1197 | D:1      | Gained mutation: You are resistant to hostile enchantments. (MR+) [potion of mutation]
  1199 | D:1      | Reached skill level 3 in Maces & Flails
  1199 | D:1      | Gained mutation: You are mostly covered in thin metallic scales. (AC +3) [demonic ancestry]
  1199 | D:1      | Reached XP level 3. HP: 5/29 MP: 3/3
  1215 | D:1      | HP: 1/29 [poisoned by an adder]
  1899 | D:2      | Found a deep blue altar of Sif Muna.
  2129 | D:1      | Reached skill level 4 in Maces & Flails
  2129 | D:1      | Reached XP level 4. HP: 35/35 MP: 4/4
  3218 | D:3      | Found an ornate altar of the Wu Jian Council.
  3225 | D:3      | Became a worshipper of the Wu Jian Council
  3621 | D:3      | Reached XP level 5. HP: 26/41 MP: 5/5
  4117 | D:3      | Reached skill level 5 in Maces & Flails
  4126 | D:3      | Found a glowing golden altar of the Shining One.
  4392 | D:4      | Identified the Tome of Dark Boosts
  4415 | D:4      | HP: 2/41 [poisoned by an adder]
  5319 | D:4      | Killed from afar by an orc wizard

Vault maps used:
D:1:      minmay_arrival_checkered_box
D:2:      wad_pebble_path, lemuel_crystal_altar, minmay_misc_feat_four_crosses
D:3:      marbit_many_paths, overflow_temple_1_default
D:4:      lemuel_crystal_altar, lemuel_temple_firewalk_b, serial_shops,
          nicolae_shop_waterfront

Skill      XL: |  1  2  3  4  5 |
---------------+----------------+-----
Maces & Flails | 2 3 4 5 |  5.7
Fighting       | |  3.0
Armour         | |  2.6
Shields        | |  2.6

Action                   |  1- 3 |  4- 6 || total
-------------------------+-------+-------++-------
Melee: Flail             |   167 |    60 ||   227
       Spear             |       |   395 ||   395
  Use: Potion            |     3 |       ||     3
       Scroll            |     2 |     4 ||     6
  Eat: Chunk             |     4 |    11 ||    15
Armor: Scale mail        |   102 |   210 ||   312
Dodge: Dodged            |    55 |    76 ||   131
Block: Shield            |    97 |   209 ||   306
